[Event "6e festival d'échecs d'Allauch"]
[Site "Allauch, France"]
[Date "2024.08.29"]
[Round "7.5"]
[White "Menager, Stephane"]
[Black "Sembel Rudelle, Gael"]
[Result "0-1"]
[TimeControl "1 h 30 min (+30s/coup)"]
[WhiteElo "1660"]
[BlackElo "1624"]

1. d4 d5 2. c4 c6 3. cxd5 cxd5 4. Nc3 Nf6 5. h3 Bf5 6. Qb3 Qd7 7. Nf3 e6 8. Ne5 Qc7 9. Bf4 Qb6 10.
Qxb6 axb6 11. Rc1 Nfd7 12. a3 Bd6 13. Nb5 Bxe5 14. Bxe5 O-O 15. Bd6 Rd8 16. Bc7 Rc8 17. Nd6 Na6 18.
Nb5 Nf6 19. Bf4 Rxc1+ 20. Bxc1 Rc8 21. Nc3 b5 22. f3 b4 23. axb4 Nxb4 24. e3 Bd3 25. Kd2 Bxf1 26. Rxf1 Rc4 27. b3 Rc8 28. Ba3 Nc6 29. Bb2 Na5 30.
Kc2 Nh5 31. Ba3 Ng3 32. Re1 Nf5 33. Bb4 Nc6 34. Bc5 Nb8 35. Kb2 Na6 36. Na4 b5 37. Nb6 Nxc5 38. dxc5 Rxc5 39. g4 Nd6 40.
Ra1 g5 41. Nd7 Rc7 42. Nf6+ Kg7 43. Nh5+ Kf8 44. Ra8+ Rc8 45. Rxc8+ Nxc8 46. Kc3 Nd6 47. Kb4 Ke7 48. Kc5 f5 49.
Nf6 Kxf6 50. Kxd6 f4 0-1

[Event "6e festival d'échecs d'Allauch"]
[Site "Allauch, France"]
[Date "2024.08.29"]
[Round "7.6"]
[White "Anton, Christophe"]
[Black "Madi, Chahinez"]
[Result "0-1"]
[TimeControl "1 h 30 min (+30s/coup)"]
[WhiteElo "1697"]
[BlackElo "1668"]

1. e4 c5 2. Nc3 d6 3. Nge2 Nf6 4. d4 cxd4 5. Nxd4 a6 6. Be2 e5 7. Nb3 Be6 8. Bg5 Be7 9. Bxf6 Bxf6 10.
Nd5 Bxd5 11. Qxd5 Nc6 12. c3 O-O 13. Rd1 Be7 14. Nd2 Qc7 15. O-O Rad8 16. Nc4 b5 17. Ne3 Bg5 18. Rd3 Bxe3 19. Rxe3 Ne7 20. Qd2 d5 21. exd5 Nxd5 22.
Rd3 Nf4 23. Rxd8 Rxd8 24. Qe3 Nxe2+ 25. Qxe2 Qd6 26. Re1 f6 27. f4 exf4 28. Qe6+ Qxe6 29. Rxe6 Rd1+ 30. Kf2 Rd2+ 31. Kf3 Rxb2 32.
Rxa6 b4 33. cxb4 Rxb4 34. a4 Kf7 35. a5 Ra4 36. Ra8 Kg6 37. a6 Kh6 38. a7 g5 39. h3 f5 40. Rf8 Ra3+ 41. Kf2 Rxa7 42.
Rxf5 Kh5 43. Re5 Kh4 44. Re6 Ra2+ 45. Kf3 Ra3+ 46. Kf2 h5 47. Re4 Re3 48. Rd4 Ra3 49. Re4 Ra2+ 50. Kf3 g4+ 51.
hxg4 hxg4+ 52. Kxf4 Rxg2 53. Re8 Rf2+ 54. Ke3 Kg3 55. Rg8 Ra2 56. Rg7 Ra4 57. Ke2 Kg2 58. Ke3 g3 59. Rg6 Ra3+ 60.
Ke2 Kg1 61. Rg8 g2 62. Rd8 Kh2 0-1

[Event "6e festival d'échecs d'Allauch"]
[Site "Allauch, France"]
[Date "2024.08.29"]
[Round "7.7"]
[White "Dorvaux-Valdieu, Teiva"]
[Black "Arlot, Bastien"]
[Result "1/2-1/2"]
[TimeControl "1 h 30 min (+30s/coup)"]
[WhiteElo "1679"]
[BlackElo "1557"]

1. d4 d5 2. Nf3 Nf6 3. e3 c5 4. b3 cxd4 5. exd4 Nc6 6. a3 Bf5 7. Bd3 Bxd3 8. Qxd3 e6 9. Bb2 Be7 10.
Nbd2 O-O 11. O-O Qc7 12. Ne5 Nxe5 13. dxe5 Nd7 14. f4 Rac8 15. Rac1 Rfd8 16. Nf3 Nc5 17. Qe2 Ne4 18. Nd4 Nc3 19.
Qd3 Ne4 20. b4 a5 21. c4 axb4 22. cxd5 Nc5 23. Qb5 bxa3 24. d6 Bxd6 25. exd6 Qxd6 1/2-1/2

[Event "6e festival d'échecs d'Allauch"]
[Site "Allauch, France"]
[Date "2024.08.29"]
[Round "7.8"]
[White "Caruncho, Alfonso"]
[Black "Barthel, Jean"]
[Result "1-0"]
[TimeControl "1 h 30 min (+30s/coup)"]
[WhiteElo "1600"]
[BlackElo "1520"]

1. c4 e5 2. Nc3 d6 3. Nf3 Be6 4. e4 Ne7 5. d4 exd4 6. Nxd4 Nbc6 7. Nxe6 fxe6 8. Be2 g6 9. Bg4 Ne5 10.
Bxe6 N7c6 11. a3 Qf6 12. Nd5 Qg7 13. Bg5 Nd7 14. Nxc7# 1-0

[Event "6e festival d'échecs d'Allauch"]
[Site "Allauch, France"]
[Date "2024.08.30"]
[Round "8.1"]
[White "Philippe, Guillaume"]
[Black "Degraeve, Remy"]
[Result "1/2-1/2"]
[TimeControl "1 h 30 min (+30s/coup)"]
[WhiteElo "2356"]
[BlackElo "2402"]

1. e4 e5 2. Nf3 Nc6 3. Bb5 a6 4. Bxc6 dxc6 5. O-O Qf6 6. d4 exd4 7. Bg5 Qd6 8. Nxd4 Be7 9. Be3 Nf6 10.
f3 c5 11. Ne2 Be6 12. Nbc3 O-O-O 13. Qxd6 cxd6 14. Nf4 d5 15. exd5 Nxd5 16. Nfxd5 Bxd5 17. Nxd5 Rxd5 18. Rad1 Rhd8 19.
Rxd5 Rxd5 20. Kf2 c4 21. b3 b5 22.
bxc4 bxc4 23. Rb1 Ra5 24. Rb6 Ra4 25. Bd4 a5 26. Ke3 g6 27. h3 Rxa2 28. Rc6+ 1/2-1/2

[Event "6e festival d'échecs d'Allauch"]
[Site "Allauch, France"]
[Date "2024.08.30"]
[Round "8.2"]
[White "Durand-Benmoussa, Roman"]
[Black "Charvein, Gabriel"]
[Result "1-0"]
[TimeControl "1 h 30 min (+30s/coup)"]
[WhiteElo "2109"]
[BlackElo "2011"]

1. e4 c5 2. Nf3 d6 3. d4 cxd4 4. Nxd4 Nf6 5. Nc3 g6 6. Be3 Nc6 7. f3 h5 8. Bc4 Bd7 9. Qd2 Nxd4 10.
Qxd4 Bg7 11. O-O-O O-O 12. Qd3 Qa5 13. Bb3 Rfc8 14. Kb1 b5 15. h3 b4 16. Ne2 Bb5 17. Qd2 Bc4 18. g4 Bxb3 19.
cxb3 Rc6 20. a4 e5 21. g5 Nd7 22. Qd5 Qa6 23. Rc1 Rac8 24. Rxc6 Rxc6 25. Rc1 Nb8 26. Qb5 Qc8 27. Bxa7 Rxc1+ 28. Nxc1 Nc6 29. Be3 Nd4 30.
Bxd4 exd4 31. a5 d3 32. Nxd3 Qxh3 33. a6 Qf1+ 34. Ka2 Bd4 35. Qc4 Qg1 36. Nxb4 h4 37. Nc6 Bb6 38. Ne7+ Kf8 39.
Nc8 Qc5 40. Qxc5 Bxc5 41. b4 Bd4 42. b5 h3 43. b6 h2 44. b7 h1=Q 45. b8=Q Qd1 46. Nxd6+ Kg7 47. Qb3 Qe2 48. Qxf7+ Kh8 49. Qb7 Qc2 50. Nf7+ Kg8 51. Nh6+ 1-0

[Event "6e festival d'échecs d'Allauch"]
[Site "Allauch, France"]
[Date "2024.08.30"]
[Round "8.3"]
[White "Degraeve, Jean-Marc"]
[Black "Petrosyan, Armen"]
[Result "1-0"]
[TimeControl "1 h 30 min (+30s/coup)"]
[WhiteElo "2487"]
[BlackElo "2344"]

1. e4 c6 2. Nf3 d5 3. Nc3 Bg4 4. h3 Bxf3 5. Qxf3 e6 6. d4 Nf6 7. exd5 cxd5 8. Bd3 Nc6 9. Ne2 Bd6 10.
c3 h6 11. O-O O-O 12. Nf4 Re8 13. Nh5 Nxh5 14. Qxh5 Qf6 15. Be3 Ne7 16. Rfe1 Bf4 17. Bxf4 Qxf4 18. Re3 g6 19. Qe2 Nf5 20.
Rf3 Qd6 21. Bxf5 exf5 22. Re3 Re4 23. f3 Re6 24. Re1 Rae8 25. Re5 Rxe5 26. dxe5 Qb6+ 27. Qf2 Qxf2+ 28. Kxf2 f4 29. g3 fxg3+ 30. Kxg3 Kf8 31. Kf4 Ke7 32. Ke3 Ke6 33. Kd4 Rc8 34. b3 a5 35. a4 Rc6 36. Rb1 Rc7 37. c4 dxc4 38. bxc4 Kf5 39.
Rb6 Rd7+ 40. Rd6 Rxd6+ 41. exd6 Ke6 42. c5 b6 43. cxb6 Kxd6 44. b7 Kc7 45. Ke5 Kxb7 46. Kf6 Kc6 47.
Kxf7 g5 48. Kg6 Kc5 49. Kxh6 Kb4 50. Kxg5 Kxa4 51. h4 1-0

[Event "6e festival d'échecs d'Allauch"]
[Site "Allauch, France"]
[Date "2024.08.30"]
[Round "8.4"]
[White "Chaumet, Etienne"]
[Black "Massardo, Quentin"]
[Result "1-0"]
[TimeControl "1 h 30 min (+30s/coup)"]
[WhiteElo "2077"]
[BlackElo "2050"]

1. e4 c5 2. Nf3 Nc6 3. d4 cxd4 4. Nxd4 e5 5. Nb5 d6 6. c4 g6 7. Be3 Be6 8. Bd3 a6 9. N5c3 Bg7 10.
O-O Nge7 11. Nd5 Nd4 12. Nbc3 O-O 13. Qd2 Rb8 14. Rad1 b5 15. Nxe7+ Qxe7 16. cxb5 axb5 17. Bxd4 exd4 18. Nxb5 Bxa2 19. Ra1 Be6 20.
Ra7 Qd8 21. Rc1 Qb6 22. Rac7 Ra8 23. R7c6 Qa5 24. Qxa5 Rxa5 25. Rxd6 Rb8 26. Nxd4 Be5 27. Nc6 Bxd6 28. Nxa5 Bf4 29.
Rc2 Ba2 30. g3 Bh6 31. Re2 Be6 32. Bc4 Bg4 33. Rc2 Bd1 34. Rc3 Rxb2 35. Rd3 Ba4 36. Rf3 Be8 37. Bd5 Kg7 38. Nc4 Rb1+ 39.
Kg2 f6 40. Ra3 Bc1 41. Ra8 Bb5 42. Rb8 f5 43. Rb7+ Kh6 44. h4 fxe4 45. Bc6 e3 46. Bf3 Rb3 47. Ne5 Bf1+ 48. Kxf1 Rxb7 49. Bxb7 exf2 50. Bf3 Kg7 51.
Nd3 Be3 52. Nxf2 Bb6 53. Ne4 Ba5 54. Ke2 Bb4 55. Ke3 Be1 56. Kf4 Ba5 57. Ke5 Bb4 58. Ke6 Ba5 59. Be2 Bb4 60. Bd3 Ba5 61.
Ng5 Be1 62. Ne4 Ba5 63. g4 Be1 64. h5 gxh5 65. gxh5 Bh4 66. Nd6 Bg5 67. Kf5 Be7 68. Ne8+ Kf7 69. Nc7 h6 70. Ne6 Ba3 71.
Bc4 Bc1 72. Nd4+ Kg7 73. Ke6 Bg5 74. Bd5 Bc1 75. Nf5+ Kh7 76. Kf7 Bg5 77. Kf8 Bc1 78. Bg8+ Kh8 79. Nh4 1-0

[Event "6e festival d'échecs d'Allauch"]
[Site "Allauch, France"]
[Date "2024.08.30"]
[Round "8.5"]
[White "Sembel Rudelle, Gael"]
[Black "Caruncho, Alfonso"]
[Result "1-0"]
[TimeControl "1 h 30 min (+30s/coup)"]
[WhiteElo "1624"]
[BlackElo "1600"]

1. e4 e6 2. Nf3 d5 3. e5 c5 4. b4 cxb4 5. a3 Nc6 6. axb4 Bxb4 7. c3 Be7 8. d4 Bd7 9. Bd3 a6 10.
h4 f6 11. Ng5 f5 12. g4 g6 13. gxf5 exf5 14. e6 Bxe6 15. Nxe6 Qd6 16. Qe2 Nd8 17. Bb5+ Nc6 18. Bf4 1-0

[Event "6e festival d'échecs d'Allauch"]
[Site "Allauch, France"]
[Date "2024.08.30"]
[Round "8.6"]
[White "Madi, Chahinez"]
[Black "Dorvaux-Valdieu, Teiva"]
[Result "0-1"]
[TimeControl "1 h 30 min (+30s/coup)"]
[WhiteElo "1668"]
[BlackElo "1679"]

1. e4 c6 2. d4 d5 3. Nd2 dxe4 4. Nxe4 Nf6 5. Nxf6+ exf6 6. c3 Bd6 7. Bd3 O-O 8. Qc2 Re8+ 9. Ne2 g6 10. Bh6 Nd7 11. h4 f5 12.
Bg5 Be7 13. Bxe7 Qxe7 14. h5 Nf6 15. hxg6 fxg6 16. O-O-O Ne4 17. Nf4 Qg5 18. g3 Be6 19. Kb1 Bf7 20. Bxe4 Rxe4 21. Nd3 Rae8 22.
Ne5 Bd5 23. Qa4 R4xe5 24. dxe5 Bxh1 25. Rxh1 Qg4 26. Qb3+ Kh8 27. Qf7 Qe4+ 28. Kc1 Qxh1+ 29. Kd2 Qd5+ 30. Qxd5 cxd5 31. f4 Kg8 32.
Kd3 Kf7 33. Kd4 Ke6 34. Ke3 g5 0-1

[Event "6e festival d'échecs d'Allauch"]
[Site "Allauch, France"]
[Date "2024.08.30"]
[Round "8.7"]
[White "Mouly, Maxime"]
[Black "Anton, Christophe"]
[Result "0-1"]
[TimeControl "1 h 30 min (+30s/coup)"]
[WhiteElo "1411"]
[BlackElo "1697"]

1. e4 c5 2. c3 Nc6 3. d4 cxd4 4.
cxd4 g6 5. d5 Nb8 6. Nf3 Bg7 7. Nc3 Qb6 8. Qb3 Qxb3 9. axb3 a6 10. Be3 d6 11. Nb5 Kd8 12. Bb6+ Kd7 13. Nc7 Bxb2 14.
Bb5+ axb5 15. Rxa8 Na6 16. Nxb5 Nf6 17. Na7 Nxe4 18. Rxc8 Rxc8 19. Nxc8 Kxc8 20. O-O Bc3 21. Rc1 Kd7 22. Ng5 Bd2 23. Rc2 Bxg5 24.
b4 f5 25. f3 Nf6 26. b5 Nc5 27. Ra2 Nxd5 28. Bxc5 dxc5 29. Ra7 Kc7 30. Ra8 Bf6 31. Rf8 Kb6 32. Rb8 Nc7 33. Rf8 Kxb5 34.
Rf7 h5 35. Rf8 c4 36. Kf2 Kc6 37. Ke3 b5 38. Kd2 b4 39. Kc2 b3+ 40. Kb1 c3 41. Rb8 c2+ 42. Kc1 Bg5+ 43. Kb2 c1=Q+ 44. Kxb3 Qb1+ 45. Kc4 Qb4+ 46. Rb7 Qxb7 47. g3 Qb5+ 48. Kc3 Qe5+ 49. Kc4 Qd5+ 50. Kc3 Nb5+ 51. Kc2 Qxf3 52. h4 Kc5 53.
g4 fxg4 54. hxg5 g3 55. Kc1 Qf2 0-1

[Event "6e festival d'échecs d'Allauch"]
[Site "Allauch, France"]
[Date "2024.08.30"]
[Round "8.8"]
[White "Ghio, Maxime"]
[Black "Menager, Stephane"]
[Result "1-0"]
[TimeControl "1 h 30 min (+30s/coup)"]
[WhiteElo "1641"]
[BlackElo "1660"]

1. d4 d5 2. c4 c6 3. Nf3 h6 4. Nc3 Nf6 5. e3 Bf5 6. Qb3 Qb6 7. Qxb6 axb6 8. cxd5 Nxd5 9. Nxd5 cxd5 10. Bb5+ Bd7 11. Bd3 Bg4 12.
Ne5 Bd7 13. Bd2 e6 14. a3 Bd6 15. Rc1 Bxe5 16. dxe5 O-O 17. O-O Re8 18. f4 Bc6 19. Bb4 Nd7 20. Bd6 b5 21. Rf2 Nb6 22.
b3 Nc8 23. Bc5 g6 24. h3 Kg7 25. Kh2 Ne7 26. g4 Bd7 27. Bd6 Rac8 28. Rxc8 Nxc8 29. Bb4 Ne7 30. Rc2 Bc6 31. Rc5 Nc8 32.
Bxb5 Na7 33. Bd3 Rd8 34. Rc3 d4 35. exd4 Rxd4 36. Bc5 Rxf4 37. Bxa7 Rf3 38. Bd4 Rf4 39. Be3 1-0

[Event "6e festival d'échecs d'Allauch"]
[Site "Allauch, France"]
[Date "2024.08.31"]
[Round "9.1"]
[White "Degraeve, Remy"]
[Black "Durand-Benmoussa, Roman"]
[Result "1-0"]
[TimeControl "1 h 30 min (+30s/coup)"]
[WhiteElo "2402"]
[BlackElo "2109"]

1. e4 e5 2. Nf3 Nc6 3. Bb5 a6 4. Ba4 f5 5. d4 exd4 6. e5 b5 7. Bb3 Na5 8. Bd5 c6 9. Bxg8 Rxg8 10.
Qxd4 Bb7 11. Nc3 c5 12. Qd3 Qb6 13. Qxf5 h6 14. h4 O-O-O 15. Bf4 Qe6 16. Qxe6 dxe6 17. Ke2 Be7 18. Rad1 Rxd1 19.
Nxd1 g5 20. hxg5 hxg5 21. Bg3 g4 22. Ne1 Nc6 23. c3 Rg7 24. Ne3 Kd7 25. Nd3 c4 26. Nf4 Nd8 27. Bh4 Bxh4 28. Rxh4 g3 29.
Nh5 Rg5 30. f4 Rg6 31. Rh3 Be4 32. Nf6+ Rxf6 33. exf6 Nf7 34. Rxg3 Bd3+ 35. Kf3 Nd6 36. Rg7+ 1-0

[Event "6e festival d'échecs d'Allauch"]
[Site "Allauch, France"]
[Date "2024.08.31"]
[Round "9.2"]
[White "Chaumet, Etienne"]
[Black "Degraeve, Jean-Marc"]
[Result "0-1"]
[TimeControl "1 h 30 min (+30s/coup)"]
[WhiteElo "2077"]
[BlackElo "2487"]

1. e4 c5 2. Nf3 Nc6 3. d4 cxd4 4.
Nxd4 e5 5. Nb5 d6 6. N1c3 a6 7. Na3 Be7 8. Nd5 Nf6 9. Nxf6+ Bxf6 10. Nc4 Be7 11. Be3 Be6 12. Qd2 O-O 13.
Bb6 Qd7 14. Rd1 Bd8 15. Be3 b5 16. Nb6 Bxb6 17. Bxb6 Qb7 18. Be3 Rfd8 19. Bd3 d5 20. Qe2 Nb4 21. Bd2 Nxd3+ 22. cxd3 dxe4 23.
Qxe4 Bd5 24. Qg4 Rd6 25. f3 Rg6 26. Qh3 Be6 27. Qh4 Rxg2 28. Rf1 Bxa2 29. Rf2 Rg6 30. Bc3 Bb3 31. Rdd2 a5 32.
Kf1 f6 33. Rde2 b4 34. Bd2 Rd8 35. Re3 Qb5 36. Qe4 Bd5 37. Qf5 Rg5 38. Qh3 Bc4 39. Ree2 Bxd3 40. Qe6+ Kh8 41. Bxg5 fxg5 42.
Qe7 Qd7 43. Qxg5 h6 44. Qh4 Bxe2+ 45. Rxe2 Qd1+ 46. Qe1 Qxe1+ 47. Kxe1 a4 48. Rxe5 Ra8 49. Re2 a3 50. bxa3 bxa3 51.
Ra2 Kh7 52. Kd2 Kg6 53. Ke3 Kf5 54. Kd3 Kf4 55. Ke2 g5 56. Kf2 h5 57. Kg2 Ke3 58. Kg3 Ra4 59. Kh3 Kd3 60. f4 gxf4 61.
Kh4 f3+ 62. Kxh5 Ke3 63. h4 f2 64. Ra1 a2 65. Kg5 Ke2 0-1

[Event "6e festival d'échecs d'Allauch"]
[Site "Allauch, France"]
[Date "2024.08.31"]
[Round "9.3"]
[White "Figier, Anthony"]
[Black "Philippe, Guillaume"]
[Result "1/2-1/2"]
[TimeControl "1 h 30 min (+30s/coup)"]
[WhiteElo "2000"]
[BlackElo "2356"]

1. d4 Nf6 2. Nf3 e6 3. g3 b5 4. Bg2 Bb7 5. O-O c5 6. a4 b4 7. c4 cxd4 8. Qxd4 Be7 9. Bf4 O-O 10.
Nbd2 Nc6 11. Qd3 d5 12. Rfd1 Rc8 13. Rac1 Na5 14. Qb1 Qe8 15. cxd5 Rxc1 16. Rxc1 Nxd5 17. Ng5 g6 18. Bxd5 Bxd5 19.
Nge4 f5 20. Nd6 Qxa4 21. Rc7 Nc6 22. b3 Qa5 23. N6c4 Qb5 24. Bh6 Qb8 25. Rxe7 Nxe7 26. Qa1 Rf7 27. Ne5 Qe8 28. Nxf7 Qxf7 29.
Qxa7 Nc8 30. Qc5 Bb7 31. Qxb4 Qe7 32. Qxe7 Nxe7 33. Nc4 Bd5 34. Bd2 Nc6 35. Bc3 e5 36. Nxe5 1/2-1/2

[Event "6e festival d'échecs d'Allauch"]
[Site "Allauch, France"]
[Date "2024.08.31"]
[Round "9.4"]
[White "Charlier, Antoine"]
[Black "Fournier, Loic"]
[Result "0-1"]
[TimeControl "1 h 30 min (+30s/coup)"]
[WhiteElo "2070"]
[BlackElo "2098"]

1. d4 Nf6 2. c4 c5 3. d5 e6 4. Nc3 exd5 5. cxd5 d6 6. Nf3 g6 7. Nd2 Bg7 8. Nc4 O-O 9. Bf4 Nh5 10.
Bxd6 Re8 11. Nb5 Bd7 12. Nc7 b5 13. Nd2 Na6 14. Nxa6 Qb6 15. Bxc5 Qxa6 16. e4 Bxb2 17. Rb1 Bc3 18.
Qc2 Rxe4+ 19. Be3 Rc8 20. Rb3 Bf5 21. Bd3 Rec4 22. Bxf5 gxf5 23. O-O Bxd2 24. Qxd2 f4 25. Bd4 Rc2 26.
Qd3 Qxa2 27. g3 Rc1 28. Rxc1 Rxc1+ 29. Kg2 fxg3 30. hxg3 Qc2 31. Rxb5 Qc8 32. Qe3 f6 33. Qe2 Ng7 34. Bxf6 Rc2 35. Qe3 Qe8 36. Qf4 Qxb5 37.
Qg5 Rc7 38. Qe5 Rd7 39. Kh2 Rxd5 40. Qc7 Rh5+ 41. Bh4 Qe5 42. Qc8+ Qe8 43. Qc4+ Qe6 44. Qd4 h6 45. Qxa7 Nf5 46.
Qb8+ Kf7 47. Qc7+ Kg6 48. Qc2 Kg7 49. Qc7+ Qe7 50. Qc3+ Kh7 51. Qd3 Qc7 52. Kg1 Kg7 53. Qf3 Qc1+ 54.
Kh2 Rxh4+ 55. gxh4 Nxh4 56. Qb7+ Kf6 57. Qb6+ Kf5 58. Qb5+ Kg4 59. Qd7+ Nf5 60. Qe6 Qf4+ 61. Kg1 Kh3 62.
Kf1 Qc1+ 63. Ke2 Qc2+ 64. Ke1 Kg4 65. Qg6+ Kf4 66. Qf6 Kf3 0-1

[Event "6e festival d'échecs d'Allauch"]
[Site "Allauch, France"]
[Date "2024.08.31"]
[Round "9.5"]
[White "Sembel Rudelle, Gael"]
[Black "Ghio, Maxime"]
[Result "0-1"]
[TimeControl "1 h 30 min (+30s/coup)"]
[WhiteElo "1624"]
[BlackElo "1641"]

1. e4 c5 2. c3 d5 3. exd5 Qxd5 4. d4 Nf6 5. Nf3 e6 6. Be3 cxd4 7. cxd4 Be7 8. Nc3 Qd8 9. Bc4 Nc6 10. O-O O-O 11. Qe2 Ng4 12. h3 Nxe3 13. fxe3 b6 14. Bd3 Nb4 15.
Be4 Ba6 16. Nb5 Rc8 17. Ne5 f5 18. a3 Qe8 19. axb4 Bxb5 20. Bd3 Ba4 21. Bc4 Bxb4 22. b3 Bc6 23. Rxa7 Bd6 24. Nxc6 Rxc6 25.
Bb5 Qb8 26. Rxg7+ Kxg7 27. Bxc6 Qc7 28. Qf3 f4 29. d5 fxe3 30. Qg4+ Kh8 31. Rxf8+ Bxf8 32. Qxe6 Qf4 33. Be8 Qf2+ 34.
Kh2 e2 35. Qe5+ Bg7 36. Qb8 Qg1+ 37. Kxg1 e1=Q+ 38. Kh2 Be5+ 0-1

[Event "6e festival d'échecs d'Allauch"]
[Site "Allauch, France"]
[Date "2024.08.31"]
[Round "9.6"]
[White "Dorvaux-Valdieu, Teiva"]
[Black "Anton, Christophe"]
[Result "0-1"]
[TimeControl "1 h 30 min (+30s/coup)"]
[WhiteElo "1679"]
[BlackElo "1697"]

1. d4 Nf6 2. Nf3 g6 3. e3 Bg7 4. Bd3 O-O 5. O-O d5 6. Nbd2 Nbd7 7. b3 c5 8. Bb2 a6 9. Qe2 b5 10.
c4 b4 11. Rac1 a5 12. cxd5 Nxd5 13. Ne4 cxd4 14. exd4 Nf4 15. Qe3 Nxd3 16. Qxd3 Ba6 17. Qd2 Bxf1 18. Kxf1 Rc8 19. Rxc8 Qxc8 20.
Qd3 Qc7 21. g3 Rc8 22. Ke1 Qc2 0-1

[Event "6e festival d'échecs d'Allauch"]
[Site "Allauch, France"]
[Date "2024.08.31"]
[Round "9.7"]
[White "Vernet, Clement"]
[Black "Madi, Chahinez"]
[Result "0-1"]
[TimeControl "1 h 30 min (+30s/coup)"]
[WhiteElo "1474"]
[BlackElo "1668"]

1. d4 Nf6 2. Bf4 c5 3. Nf3 cxd4 4. Nbd2 Nc6 5. Nb3 d6 6. g3 e5 7. Bg5 Bf5 8. a3 Rc8 9. Rc1 h6 10.
Bxf6 Qxf6 11. Bg2 Be7 12. O-O Qe6 13. Re1 Bg5 14. Nbd2 e4 15. Nh4 Bxh4 16. gxh4 O-O 17. Kh1 Rce8 18.
Rg1 Ne5 19. Qf1 e3 20. Nf3 exf2 21. Qxf2 Ng4 22. Qxd4 Qc4 23. Rge1 Qc8 24.
c3 Ne3 25. Qxa7 Nxg2 26. Kxg2 Bh3+ 27. Kh1 Qf5 28. Qf2 Qf4 29. Qg3 Qf5 30. Nd4 Qd5+ 31. Nf3 Qf5 32. Nd4 Qd5+ 33. Nf3 Bf5 34.
Rcd1 Qb5 35. Nd4 Be4+ 36. Nf3 Qxb2 37. Rc1 Qxa3 38. c4 Re6 39. Rg1 Rg6 40. Qf4 Bxf3+ 41. Qxf3 Qxf3+ 42. exf3 Rxg1+ 43. Rxg1 Rc8 44. Rd1 Rxc4 45. Rxd6 Rxh4 46. Rb6 Rf4 47. Rxb7 Rxf3 48. Kg2 Ra3 49. Rc7 Kf8 50. Rb7 Rd3 51. Ra7 Ke8 52. Rb7 Rd7 53. Rxd7 Kxd7 54.
Kf3 Ke6 55. Ke4 f5+ 56. Kf4 g5+ 57. Kf3 Ke5 58. Ke3 h5 59. Kf3 g4+ 60. Kg3 f4+ 61. Kf2 Ke4 62. Ke2 h4 63. Kf2 g3+ 64.
hxg3 hxg3+ 65. Ke1 Ke3 66. Kf1 f3 67. Kg1 Ke2 68. Kh1 f2 69. Kg2 f1=Q 70. Kxg3 Qf5 71. Kg2 Qg5 72. Kh3 Kf3 0-1

[Event "6e festival d'échecs d'Allauch"]
[Site "Allauch, France"]
[Date "2024.08.31"]
[Round "9.8"]
[White "Siguret, William"]
[Black "Arlot, Bastien"]
[Result "1-0"]
[TimeControl "1 h 30 min (+30s/coup)"]
[WhiteElo "1671"]
[BlackElo "1557"]

1. Nf3 d5 2. g3 Nf6 3. Bg2 Nc6 4. O-O e5 5. d3 Bg4 6. Nbd2 Qd7 7. e4 d4 8. Nc4 Qe6 9. Qe1 h6 10. a3 Nd7 11. c3 Bh3 12. Nh4 Bxg2 13. Nxg2 Nc5 14. Qd1 O-O-O 15. b4 Nxe4 16. cxd4 Rxd4 17.
Be3 Rd5 18. f4 f6 19. Qc2 Nd6 20. fxe5 fxe5 21. Rae1 Be7 22. Bf4 Nxc4 23. Qxc4 Rhd8 24. Rf3 Qg6 25. Rd1 e4 26. Re3 Rxd3 27. Rdxd3 exd3 28. Rxe7 Rd7 29.
Rxd7 Kxd7 30. Ne1 d2 31. Bxd2 Qe8 32. Kg2 a6 33. Nf3 b5 34. Qg4+ Kd8 35. Nd4 h5 36. Bg5+ Ne7 37. Bxe7+ Kxe7 38.
Qe6+ Kf8 39. Qxe8+ Kxe8 40. Ne6 Kd7 41. Nxg7 c5 42.
bxc5 a5 43. Nf5 Kc6 44. Nd4+ Kxc5 45. Nb3+ Kb6 46. h3 a4 47. Nd2 Kc5 48. g4 hxg4 49. hxg4 Kd6 50. Kf3 Ke5 51. Ke3 Kf6 52. Kd4 b4 53. axb4 Kg5 54. b5 Kxg4 55. b6 a3 56. Nb3 a2 57. b7 1-0